 Dungeon Crawl Stone Soup version 0.31-a0-369-g8eba5f6939 (webtiles) character file.

Game seed: 9370759680269796316

25 lovewater the Sneak (level 2, 0/15 HPs)
             Began as a Vampire Enchanter on July 29, 2023.
             Slain by Robin
             ... wielding a +0 short sword
              (4 damage)
             ... on level 2 of the Dungeon.
             The game lasted 00:13:56 (959 turns).

lovewater the Sneak (Vampire Enchanter)              Turns: 959, Time: 00:13:56

Health: 0/15       AC:  2    Str:  7    XL:     2   Next: 82%
Magic:  5/5        EV: 17    Int: 17    God:
Gold:   46         SH:  0    Dex: 14    Spells: 5/5 levels left

rFire   . . .        i - +0 mace
rCold   + + .        (no shield)
rNeg    + + +        b - +0 robe
rPois   ∞            (no helmet)
rElec   .            (no cloak)
rCorr   .            (no gloves)
SInv    +            (no boots)
Will    .....        (no amulet)
Stlth   +++++        d - +5 ring of evasion
HPRegen 0.00/turn    (no ring)
MPRegen 0.09/turn

%: no passive effects
@: about to teleport, bloodless, inhibited regen
A: bloodless, fangs 3, see invisible, vampiric 1
a: Revivify


You were on level 2 of the Dungeon.
You visited 1 branch of the dungeon, and saw 2 of its levels.

You collected 46 gold pieces.

Inventory:

Hand Weapons
 a - a +1 dagger
 e - a +0 club
 i - a +0 mace (weapon)
 n - a +0 sling
Missiles
 k - 14 stones (quivered)
Armour
 b - a +0 robe (worn)
Jewellery
 d - a +5 ring of evasion (left hand)
Talismans
 g - a beast talisman
Scrolls
 f - 3 scrolls of amnesia {unknown}
 h - 4 scrolls of revelation {unknown}
 l - a scroll of blinking
Potions
 c - a potion of invisibility
 m - a potion of might {unknown}
 o - a potion of ambrosia {unknown}


   Skills:
 + Level 1.1 Short Blades
 + Level 0.1 Maces & Flails
 + Level 2.6 Dodging
 + Level 5.0 Stealth
 + Level 2.2 Spellcasting
 + Level 4.8 Hexes


You had 5 spell levels left.
You didn't know any spells.
Your spell library contained the following spells:

 Spells                   Type           Power      Damage    Failure   Level
 Confusing Touch          Hex            18%        N/A       8%          3
 Tukima's Dance           Hex            18%        N/A       8%          3
 Ensorcelled Hibernation  Hex/Ice        20%        N/A       11%         2
 Dazzling Flash           Conj/Hex       20%        N/A       22%         3


Dungeon Overview and Level Annotations

Branches:
Dungeon (2/15)

Altars:

Annotations:
D:2 Robin


Innate Abilities, Weirdness & Mutations

You do not regenerate when monsters are visible.
You are frail without blood (-20% HP).
You can heal yourself when you bite living creatures.
You are immune to poison.
You have razor-sharp teeth.
You have supernaturally acute eyesight. (SInv)
You are afflicted with vampirism.


Message History

The hobgoblin no longer looks unusually strong.
The goblin no longer looks unusually strong.
Robin roars a battlecry!
The goblins go into a battle-frenzy!
You hear a shout! x2
You barely miss Robin.
Robin is moderately wounded.
Robin barely misses you.
You barely miss Robin.
Robin is moderately wounded.
The hobgoblin no longer looks unusually strong.
Robin hits you with a +0 short sword. Robin barely misses you.
You hit Robin.
Robin is heavily wounded.
Robin's horned helmet rattles.
Robin hits you with a +0 short sword.
You hit Robin.
Robin is heavily wounded.
Robin closely misses you.
Robin roars a battlecry!
The hobgoblin goes into a battle-frenzy!
You closely miss Robin.
Robin is heavily wounded.
Robin closely misses you.
You hit Robin. Your bite misses Robin.
Robin is severely wounded.
A hobgoblin comes into view.
Robin closely misses you.
You hit Robin but do no damage.
Robin is severely wounded.
Robin closely misses you. Robin hits you with a +0 short sword.
* * * LOW HITPOINT WARNING * * *
As you read the scroll labelled KORITSO LOCOU, it crumbles to dust.
You feel strangely unstable.
It was a scroll of teleportation.
Robin roars a battlecry!
The goblin goes into a battle-frenzy!
You hit Robin but do no damage. You punch Robin, but do no damage.
Robin is severely wounded.
Robin hits you with a +0 short sword.
You die... ♣g.. ♣.gg ♣ggg

♣gg$ ♣..g ♣...
♣.#g###### ♣
#.ggg@†.# #.
#.g####.#
###.###.#.###.####.#
......###.........#
♣.#.#.#..P..######
♣.........♣..#
♣##....♣♣♣PP.#
♣##....P♣♣..##
♣.<.#..P.P..#


You could see Robin, 3 hobgoblins and a goblin (strong).

Vanquished Creatures
  2 ball pythons (D:1)
  2 endoplasms (D:1)
  A giant cockroach (D:1)
  5 hobgoblins
  A quokka (D:2)
  4 bats (D:1)
  2 frilled lizards (D:1)
  4 goblins
21 creatures vanquished.

Notes
Turn   | Place    | Note
-------+----------+-------------------------------------------
     0 | D:1      | lovewater the Vampire Enchanter began the quest for the
                  | Orb.
     0 | D:1      | Reached XP level 1. HP: 13/13 MP: 3/3
   365 | D:1      | Reached XP level 2. HP: 3/15 MP: 5/5
   676 | D:1      | Reached skill level 5 in Stealth
   931 | D:2      | Noticed Robin
   959 | D:2      | Slain by Robin

Illustrated notes

Levels and vault maps discovered:
D:1:      evilmike_arrival_rings, layout_rooms
D:2:      layout_loops_cross, serial_forest, infiniplex_forest_lined_4_way,
          infiniplex_forest_straight_5, infiniplex_forest_clump_curved,
          infiniplex_forest_clump_double, infiniplex_forest_clump_double,
          infiniplex_forest_diagonal, infiniplex_forest_zigzag_1,
          infiniplex_forest_clump_large, infiniplex_forest_straight_4,
          minmay_misc_feat_hallway, nicolae_underground_beach, uniq_robin

Skill      XL: |  1  2 |
---------------+-------+-----
Stealth        | 5 |  5.0
Short Blades   | |  1.1
Maces & Flails | |  0.1
Dodging        | |  2.6
Spellcasting   | |  2.2
Hexes          | |  4.8

Action                     || total
---------------------------++-------
  Melee: Club              ||    42
         Dagger            ||    24
         Bite              ||     7
         Mace              ||    22
         Punch             ||     1
Ability: Exsanguinate      ||     1
         Revivify          ||     1
    Use: Scroll            ||     3
         Potion            ||     2
   Stab: Sleeping          ||     4
 Armour: Robe              ||    31
  Dodge: Dodged            ||   113

Table legend: (Time is in decaauts)
 A = Elapsed time spent in this place.
 B = Non-inter-level travel time spent in this place.
 C = Inter-level travel time spent in this place.
 D = Time resting spent in this place.
 E = Time spent auto-exploring this place.
 F = Levels seen in this place.
 G = Mean time per level.
                   A        B        C        D        E       F      G
               +--------+--------+--------+--------+--------+-----+--------+
         Total |    975 |    964 |     11 |    122 |    105 |   2 |  487.5 |
       Dungeon |    975 |    964 |     11 |    122 |    105 |   2 |  487.5 |
               +--------+--------+--------+--------+--------+-----+--------+

Top non-repeatable levels by time:
     D:1: 912 daAuts
     D:2: 63 daAuts
